NCAA
KANSAS STATE WILDCATS @ WEST VIRGINIA MOUNTAINEERS
05/03/2023
 
TOP OF THE 1ST
Kansas State Wildcats batting - Pitching for West Virginia Mountaineers : RHP José González
Pitching: RHP José González
Batting: RHB Bill Jordan 0-0: Ball
1-0: Ball
2-0: Ground out 5-3 (Groundball, 5L)
Batting: RHB Bobby Hinkle 0-0: SOLO HOME RUN (Line Drive, 78XD), Distance : 380 ft
Batting: LHB Tony Smith 0-0: Swinging Strike
0-1: Ball
1-1: Swinging Strike
1-2: Foul Ball, location: 2F
1-2: Ball
2-2: Foul Ball, location: 2F
2-2: Strikes out swinging
Batting: LHB Kyle Harrison 0-0: Ball
1-0: Called Strike
1-1: Called Strike
1-2: Ground out 4-3 (Groundball, 4)
Top of the 1st over - 1 run(s), 1 hit(s), 0 error(s), 0 left on base; Kansas State 1 - West Virginia 0
BOTTOM OF THE 1ST
West Virginia Mountaineers batting - Pitching for Kansas State Wildcats : RHP Frank Warren
Pitching: RHP Frank Warren
Batting: LHB John Stone 0-0: Swinging Strike
0-1: Swinging Strike
0-2: Strikes out swinging
Batting: RHB Bobby Armstrong 0-0: SINGLE (Groundball, 6M)
Batting: LHB Charlie Hughes 0-0: Called Strike
0-1: SINGLE (Groundball, 6MD)
Bobby Armstrong to second
Batting: RHB Von Ford 0-0: Ball
1-0: Called Strike
1-1: Fly out, F9 (Flyball, 89S)
Batting: LHB Dave Gordon 0-0: Called Strike
0-1: Fly out, F4 (Line Drive, 4)
Bottom of the 1st over - 0 run(s), 2 hit(s), 0 error(s), 2 left on base; Kansas State 1 - West Virginia 0
TOP OF THE 2ND
Kansas State Wildcats batting - Pitching for West Virginia Mountaineers : RHP José González
Batting: RHB David Hernández 0-0: Called Strike
0-1: Ball
1-1: Foul Ball, location: 2F
1-2: Ground out 6-3 (Groundball, 6)
Batting: RHB John Wilson 0-0: Ball
1-0: Called Strike
1-1: Ball
2-1: Foul Ball, location: 2F
2-2: Strikes out swinging
Batting: RHB Joe Saunders 0-0: Called Strike
0-1: Called Strike
0-2: Foul Ball, location: 2F
0-2: Foul Ball, location: 2F
0-2: Foul Ball, location: 2F
0-2: Strikes out looking
Top of the 2nd over - 0 run(s), 0 hit(s), 0 error(s), 0 left on base; Kansas State 1 - West Virginia 0
BOTTOM OF THE 2ND
West Virginia Mountaineers batting - Pitching for Kansas State Wildcats : RHP Frank Warren
Batting: LHB Buddy Rice 0-0: Ball
1-0: Called Strike
1-1: Ball
2-1: Called Strike
2-2: Foul Ball, location: 2F
2-2: Ball
3-2: Base on Balls
Batting: RHB Ramón Aranda 0-0: Ball
1-0: Ball
2-0: Ball
3-0: Called Strike
3-1: Swinging Strike
3-2: DOUBLE (Line Drive, 89M)
Buddy Rice to third
Batting: RHB Cal Dorsey 0-0: SINGLE (Line Drive, 4)
Buddy Rice scores
Ramón Aranda to third
Batting: RHB Scott Mooney 0-0: SINGLE (Groundball, 34D) (infield hit)
Ramón Aranda scores
Cal Dorsey to second
Batting: LHB John Stone 0-0: Ball
1-0: Called Strike
1-1: Fly out, F8 (Flyball, 8LM)
Batting: RHB Bobby Armstrong 0-0: Ball
1-0: Ball
2-0: Ball
3-0: Called Strike
3-1: Foul Ball, location: 2F
3-2: Foul Ball, location: 2F
3-2: Foul Ball, location: 2F
3-2: Base on Balls
Cal Dorsey to third
Scott Mooney to second
Batting: LHB Charlie Hughes 0-0: Ground out 5-3 (Groundball, 56S)
Cal Dorsey scores
Scott Mooney to third
Bobby Armstrong to second
Batting: RHB Von Ford 0-0: Ball
1-0: Ball
2-0: SINGLE (Line Drive, 4MD)
Scott Mooney scores
Bobby Armstrong to third
Runner from 3rd tries for Home, SAFE, no throw or cutoff
Batting: LHB Dave Gordon 0-0: Ball
1-0: Called Strike
Von Ford steals 2nd base
1-1: Fly out, F9 (Flyball, 89M)
Bottom of the 2nd over - 5 run(s), 4 hit(s), 0 error(s), 1 left on base; Kansas State 1 - West Virginia 5
TOP OF THE 3RD
Kansas State Wildcats batting - Pitching for West Virginia Mountaineers : RHP José González
Batting: RHB Kevin Rigsby 0-0: Swinging Strike
0-1: Ball
1-1: Swinging Strike
1-2: Strikes out swinging
Batting: RHB Andrew Deal 0-0: Called Strike
0-1: Swinging Strike
0-2: SINGLE (Line Drive, 6M)
Batting: RHB Bill Jordan 0-0: Called Strike
0-1: Ball
1-1: Called Strike
1-2: Strikes out swinging
Batting: RHB Bobby Hinkle 0-0: Foul Ball, location: 2F
0-1: Ball
1-1: Foul Ball, location: 2F
1-2: Foul Ball, location: 2F
1-2: Ball
2-2: Strikes out swinging
Top of the 3rd over - 0 run(s), 1 hit(s), 0 error(s), 1 left on base; Kansas State 1 - West Virginia 5
BOTTOM OF THE 3RD
West Virginia Mountaineers batting - Pitching for Kansas State Wildcats : RHP Frank Warren
Batting: LHB Buddy Rice 0-0: Ball
1-0: Foul Ball, location: 2F
1-1: Swinging Strike
1-2: Strikes out swinging
Batting: RHB Ramón Aranda 0-0: Ball
1-0: Called Strike
1-1: Foul Ball, location: 2F
1-2: Foul Ball, location: 2F
1-2: Ground out 4-3 (Groundball, 4)
Batting: RHB Cal Dorsey 0-0: Ball
1-0: Hit by Pitch
Batting: RHB Scott Mooney 0-0: Ball
1-0: Ball
2-0: Ball
3-0: Called Strike
3-1: Swinging Strike
3-2: Foul Ball, location: 2F
3-2: Strikes out swinging
Bottom of the 3rd over - 0 run(s), 0 hit(s), 0 error(s), 1 left on base; Kansas State 1 - West Virginia 5
TOP OF THE 4TH
Kansas State Wildcats batting - Pitching for West Virginia Mountaineers : RHP José González
Batting: LHB Tony Smith 0-0: Ball
1-0: DOUBLE (Line Drive, 7LS)
Batting: LHB Kyle Harrison 0-0: Ball
1-0: Swinging Strike
1-1: Swinging Strike
1-2: Ball
2-2: Strikes out swinging
Batting: RHB David Hernández 0-0: Fly out, F7 (Flyball, 78S)
Batting: RHB John Wilson 0-0: Reached on error, E6 (Groundball, 6)
Tony Smith to third
Batting: RHB Joe Saunders 0-0: Ball
1-0: Foul Ball, location: 2F
1-1: Ball
2-1: Ball
3-1: Base on Balls
John Wilson to second
Batting: RHB Kevin Rigsby 0-0: Ball
1-0: Called Strike
1-1: Swinging Strike
1-2: Strikes out swinging
Top of the 4th over - 0 run(s), 1 hit(s), 1 error(s), 3 left on base; Kansas State 1 - West Virginia 5
BOTTOM OF THE 4TH
West Virginia Mountaineers batting - Pitching for Kansas State Wildcats : RHP Frank Warren
Batting: LHB John Stone 0-0: Ball
1-0: Ball
2-0: Called Strike
2-1: Foul Ball, location: 2F
2-2: Ball
3-2: SINGLE (Line Drive, 34)
Batting: RHB Bobby Armstrong 0-0: Ball
1-0: Foul Ball, location: 2F
1-1: SINGLE (Groundball, 6)
John Stone to second
Batting: LHB Charlie Hughes 0-0: Ball
1-0: Called Strike
1-1: Foul Ball, location: 2F
1-2: Foul Ball, location: 2F
1-2: Ball
2-2: Foul Ball, location: 2F
2-2: Ball
3-2: SINGLE (Groundball, 4M)
John Stone to third
Bobby Armstrong to second
Runner from 3rd tries for Home, SAFE, no throw or cutoff
Batting: RHB Von Ford 0-0: Foul Ball, location: 2F
0-1: Foul Ball, location: 2F
0-2: Ball
1-2: Ball
Wild Pitch!
Bobby Armstrong to third
Charlie Hughes to second
2-2: Strikes out swinging
Pitching: RHP Roberto Velásquez
Batting: LHB Dave Gordon 0-0: Called Strike
0-1: Ball
1-1: Ball
2-1: Swinging Strike
2-2: Fly out, F7 (Line Drive, 7M)
Batting: LHB Buddy Rice 0-0: Called Strike
0-1: Foul Ball, location: 2F
0-2: Ball
1-2: Foul Ball, location: 2F
1-2: Ball
2-2: Foul Ball, location: 2F
2-2: Strikes out swinging
Bottom of the 4th over - 1 run(s), 3 hit(s), 0 error(s), 2 left on base; Kansas State 1 - West Virginia 6
TOP OF THE 5TH
Kansas State Wildcats batting - Pitching for West Virginia Mountaineers : RHP José González
Batting: RHB Andrew Deal 0-0: Ball
1-0: SINGLE (Groundball, 6D)
Batting: RHB Bill Jordan 0-0: Called Strike
0-1: Called Strike
0-2: Ball
1-2: Strikes out looking
Batting: RHB Bobby Hinkle 0-0: Reached on Error, E8 (Flyball, 8LM)
Andrew Deal to second
Batting: LHB Tony Smith 0-0: Swinging Strike
0-1: Ball
1-1: Foul Ball, location: 2F
1-2: Strikes out looking
Batting: LHB Kyle Harrison 0-0: Ball
1-0: Foul Ball, location: 2F
1-1: Ball
2-1: Ball
3-1: SINGLE (Line Drive, 7LM)
Andrew Deal to third
Bobby Hinkle to second
Runner from 3rd tries for Home, SAFE, no throw or cutoff
Pitching: RHP Juan Guzmán
Batting: RHB David Hernández 0-0: Swinging Strike
0-1: Ball
1-1: Ball
2-1: Ground out 4-3 (Groundball, 4)
Top of the 5th over - 1 run(s), 2 hit(s), 1 error(s), 2 left on base; Kansas State 2 - West Virginia 6
BOTTOM OF THE 5TH
West Virginia Mountaineers batting - Pitching for Kansas State Wildcats : RHP Roberto Velásquez
Batting: RHB Ramón Aranda 0-0: Ball
1-0: Ball
2-0: Fly out, F8 (Flyball, 8RM)
Batting: RHB Cal Dorsey 0-0: Called Strike
0-1: Ball
1-1: Ball
2-1: Foul Ball, location: 2F
2-2: Ball
3-2: Foul Ball, location: 2F
3-2: Foul Ball, location: 2F
3-2: Foul Ball, location: 2F
3-2: Base on Balls
Batting: RHB Scott Mooney 0-0: Fly out, F9 (Line Drive, 89M)
Batting: LHB John Stone 0-0: Swinging Strike
0-1: Called Strike
0-2: Foul Ball, location: 2F
0-2: Fly out, F5 (Line Drive, 5S)
Bottom of the 5th over - 0 run(s), 0 hit(s), 0 error(s), 1 left on base; Kansas State 2 - West Virginia 6
TOP OF THE 6TH
Kansas State Wildcats batting - Pitching for West Virginia Mountaineers : RHP Juan Guzmán
Batting: RHB John Wilson 0-0: Swinging Strike
0-1: Ball
1-1: Swinging Strike
1-2: Fly out, F7 (Flyball, 7LM)
Batting: RHB Joe Saunders 0-0: Called Strike
0-1: Called Strike
0-2: Foul Ball, location: 2F
0-2: Foul Ball, location: 2F
0-2: Ball
1-2: Ball
2-2: Foul Ball, location: 2F
2-2: Ground out 6-3 (Groundball, 6M)
Batting: RHB Kevin Rigsby 0-0: SOLO HOME RUN (Flyball, 7LD), Distance : 335 ft
Batting: RHB Andrew Deal 0-0: SINGLE (Flyball, 6MD)
Batting: RHB Bill Jordan 0-0: Called Strike
0-1: Ball
1-1: Ball
2-1: Fly out, F7 (Flyball, 78M)
Top of the 6th over - 1 run(s), 2 hit(s), 0 error(s), 1 left on base; Kansas State 3 - West Virginia 6
BOTTOM OF THE 6TH
West Virginia Mountaineers batting - Pitching for Kansas State Wildcats : RHP Roberto Velásquez
Batting: RHB Bobby Armstrong 0-0: Ball
Error on foul ball, E7
1-1: Foul Ball, location: 2F
1-2: Foul Ball, location: 2F
1-2: Foul Ball, location: 2F
1-2: Ground out 1-3 (Groundball, 13)
Batting: LHB Charlie Hughes 0-0: Called Strike
0-1: Called Strike
0-2: Foul Ball, location: 2F
0-2: Ball
1-2: Foul Ball, location: 2F
1-2: Ball
2-2: Strikes out swinging
Batting: RHB Von Ford 0-0: Ball
1-0: Called Strike
1-1: SINGLE (Line Drive, 78S)
Batting: LHB Dave Gordon 0-0: Called Strike
0-1: Ball
1-1: Foul Ball, location: 2F
1-2: SINGLE (Flyball, 78S)
Von Ford to second
Batting: LHB Buddy Rice 0-0: Ball
1-0: Foul Ball, location: 2F
1-1: Foul Ball, location: 2F
1-2: Fly out, F8 (Flyball, 8RD)
Bottom of the 6th over - 0 run(s), 2 hit(s), 1 error(s), 2 left on base; Kansas State 3 - West Virginia 6
TOP OF THE 7TH
Kansas State Wildcats batting - Pitching for West Virginia Mountaineers : RHP Juan Guzmán
Batting: RHB Bobby Hinkle 0-0: Ground out 5-3 (Groundball, 5S)
Batting: LHB Tony Smith 0-0: Ball
1-0: Foul Ball, location: 2F
1-1: Ball
2-1: SINGLE (Line Drive, 34D)
Batting: LHB Kyle Harrison 0-0: Called Strike
0-1: Fly out, F8 (Flyball, 8RM)
Batting: RHB David Hernández 0-0: Ball
1-0: Ground out 5-3 (Groundball, 5S)
Top of the 7th over - 0 run(s), 1 hit(s), 0 error(s), 1 left on base; Kansas State 3 - West Virginia 6
BOTTOM OF THE 7TH
West Virginia Mountaineers batting - Pitching for Kansas State Wildcats : RHP Roberto Velásquez
Pitching: RHP T.J. García
Batting: RHB Ramón Aranda 0-0: Ball
1-0: Ball
2-0: Called Strike
2-1: Ball
3-1: Base on Balls
Batting: RHB Cal Dorsey 0-0: Called Strike
0-1: Called Strike
0-2: Ball
1-2: Strikes out swinging
Batting: RHB Scott Mooney 0-0: Grounds into double play, 5-4-3 (Groundball, 56)
Bottom of the 7th over - 0 run(s), 0 hit(s), 0 error(s), 0 left on base; Kansas State 3 - West Virginia 6
TOP OF THE 8TH
Kansas State Wildcats batting - Pitching for West Virginia Mountaineers : RHP Juan Guzmán
Pitching: RHP Cameron Zimmerman
Batting: RHB John Wilson 0-0: Called Strike
0-1: Ball
1-1: Foul Ball, location: 2F
1-2: Ground out 5-3 (Groundball, 56S)
Batting: RHB Joe Saunders 0-0: Ball
1-0: Ball
2-0: Called Strike
2-1: Ball
3-1: Base on Balls
Pitching: RHP Jack Hampton
Batting: RHB Kevin Rigsby 0-0: Fly out, F4 (Popup, 4)
Batting: RHB Andrew Deal 0-0: Ground out 5-3 (Groundball, 56S)
Top of the 8th over - 0 run(s), 0 hit(s), 0 error(s), 1 left on base; Kansas State 3 - West Virginia 6
BOTTOM OF THE 8TH
West Virginia Mountaineers batting - Pitching for Kansas State Wildcats : RHP T.J. García
Batting: LHB John Stone 0-0: Ball
1-0: Foul Ball, location: 2F
1-1: SINGLE (Flyball, 6MD) - OUT at second base trying to stretch hit.
Batting: RHB Bobby Armstrong 0-0: Ball
1-0: Swinging Strike
1-1: SINGLE (Line Drive, 7LS)
Batting: LHB Charlie Hughes 0-0: Foul Ball, location: 2F
0-1: Foul Ball, location: 2F
0-2: Strikes out looking
Batting: RHB Von Ford 0-0: Ball
1-0: Called Strike
1-1: Ball
2-1: Foul Ball, location: 2F
2-2: Ball
3-2: Base on Balls
Bobby Armstrong to second
Batting: LHB Dave Gordon 0-0: Ball
1-0: Swinging Strike
1-1: Hit by Pitch
Bobby Armstrong to third
Von Ford to second
Batting: LHB Buddy Rice 0-0: Called Strike
0-1: Ball
1-1: Ball
2-1: Ball
3-1: Foul Ball, location: 2F
3-2: Foul Ball, location: 2F
3-2: SINGLE (Line Drive, 6D)
Bobby Armstrong scores
Von Ford to third
Dave Gordon to second
Von Ford scores
Dave Gordon to third
Batting: RHB Ramón Aranda 0-0: Ball
1-0: Swinging Strike
1-1: Ball
2-1: Foul Ball, location: 2F
2-2: Strikes out swinging
Bottom of the 8th over - 2 run(s), 3 hit(s), 0 error(s), 2 left on base; Kansas State 3 - West Virginia 8
TOP OF THE 9TH
Kansas State Wildcats batting - Pitching for West Virginia Mountaineers : RHP Jack Hampton
Batting: RHB Bill Jordan 0-0: Fly out, F9 (Flyball, 9LM)
Batting: RHB Bobby Hinkle 0-0: Ball
1-0: Foul Ball, location: 2F
1-1: Foul Ball, location: 2F
1-2: Fly out, F9 (Flyball, 89M)
Batting: LHB Tony Smith 0-0: Foul Ball, location: 2F
0-1: Ball
1-1: Ball
2-1: Called Strike
2-2: Ball
3-2: Strikes out swinging
Top of the 9th over - 0 run(s), 0 hit(s), 0 error(s), 0 left on base; Kansas State 3 - West Virginia 8
This league is powered by Out of the Park Baseball, the baseball management simulation game for PC, Mac and Linux
Wednesday, December 2nd, 2015 - OOTP Baseball 16.8 Build 38